 Dungeon Crawl Stone Soup version 0.30-a0-603-g51a0fb1b98 (webtiles) character file.

Game seed: 11686165883657635129

848 Leeroy the Martial Artist (level 7, 0/52 HPs)
             Began as a White Draconian Transmuter on Jan 7, 2023.
             Killed by divine providence
             ... invoked by an orc priest
              (12 damage)
             ... on level 5 of the Dungeon.
             The game lasted 00:08:12 (5019 turns).

Leeroy the Martial Artist (DrTm)                    Turns: 5019, Time: 00:08:13

Health: 0/52       AC:  2    Str: 12    XL:     7   Next: 69%
Magic:  5/10       EV: 19    Int: 15    God:
Gold:   204        SH:  0    Dex: 17    Spells: 4/10 levels left

rFire   . . .      SeeInvis .      - Unarmed
rCold   . . .      Faith    .    (shield currently unavailable)
rNeg    . . .      Spirit   .    (body armour unavailable)
rPois   x          Reflect  .    (helmet currently unavailable)
rElec   .          Harm     .    (cloak currently unavailable)
rCorr   +          Rampage  .    (gloves currently unavailable)
Will    .....                    (boots currently unavailable)
Stlth   ++                       (no amulet)
HPRegen 0.28/turn                y - ring of resist corrosion
MPRegen 0.12/turn                (no ring)

@: spider-form (expiring)
A: venomous fangs, (breathe frost), AC +6, tiny, unfitting armour, (cold
resistance 1), (cold-blooded)
a: End Transformation


You were on level 5 of the Dungeon.
You were a venomous arachnid creature.
You visited 1 branch of the dungeon, and saw 5 of its levels.
You also visited: Sewer.

You collected 204 gold pieces.

Inventory:

Hand Weapons
 i - a +3 rapier
 m - a +4 quarterstaff of chaos
 o - a +0 hammer
 u - a +1 short sword of draining
Missiles
 h - 13 poisoned darts
 q - 3 silver javelins
Armour
 n - a +0 cloak
 r - an orb of wrath
Jewellery
 y - a ring of resist corrosion (left front leg)
Wands
 p - a wand of iceblast (11)
Scrolls
 c - a scroll of enchant armour {unknown}
 e - a scroll of brand weapon
 f - 3 scrolls of immolation
 j - 2 scrolls of vulnerability
 l - 2 scrolls of amnesia {unknown}
 s - a scroll of torment {unknown}
 x - a scroll of identify
 z - 2 scrolls of teleportation {unknown}
Potions
 a - a potion of lignification
 b - 2 potions of curing {unknown}
 d - 3 potions of heal wounds {unknown}
 g - 2 potions of mutation {unknown}
 k - a potion of berserk rage {unknown}
 t - 2 potions of brilliance {unknown}
 v - a potion of might {unknown}
 w - a potion of invisibility {unknown}


   Skills:
 - Level 1.1 Fighting
 - Level 1.7 Dodging
 + Level 8.3 Unarmed Combat
 - Level 2.1 Spellcasting
 * Level 4.3 Transmutations
 - Level 0.2 Poison Magic


You had 4 spell levels left.
You knew the following spells:

 Your Spells              Type           Power      Damage    Failure   Level
a - Beastly Appendage     Tmut           28%        N/A       12%         1
b - Spider Form           Tmut/Pois      8%         N/A       47%         3
c - Wereblood             Tmut           14%        N/A       16%         2

Your spell library contained the following spells:

 Spells                   Type           Power      Damage    Failure   Level
 Ice Form                 Ice/Tmut       8%         N/A       83%         4


Dungeon Overview and Level Annotations

Branches:
Dungeon (5/15)              Sewer (visited)
 Temple: D:4-7

Altars:
Makhleb

Shops:
D:3 !!*!=   D:4 *


Innate Abilities, Weirdness & Mutations

You are a venomous arachnid creature.
You have poisonous fangs.
You are tiny and dextrous.
Your spellcasting is less reliable in this form.
Your armour is entirely melded.
You are incapable of wielding weapons or throwing items.
((You can breathe waves of freezing cold which knock back foes.))
((Your icy white scales are hard. (AC +6)))
You cannot fit into any form of body armour.
((Your flesh is cold resistant. (rC+)))
((You are cold-blooded and may be slowed by cold attacks.))


Message History

No target in view!
No target in view!
No target in view!
Your transformation is almost over.
Your transformation has ended.
There is an open door here.
Found a stone staircase leading down.
You now have 204 gold pieces (gained 14).
An ogre comes into view. It is wielding a +0 giant spiked club.
The ogre moves out of view.
No target in view!
Found 14 gold pieces and a robe.
Casting: Spider Form (dangerous; 26% risk of failure)
Confirm with . or Enter, or press ? or * to list all spells.
You miscast Spider Form.
You are very lightly contaminated with residual magic.
Nothing appears to happen.
Casting: Spider Form (dangerous; 26% risk of failure)
Confirm with . or Enter, or press ? or * to list all spells.
You turn into a venomous arachnid creature.
You hit the ogre.
The ogre is poisoned.
The ogre is lightly wounded.
The ogre hits you with a +0 giant spiked club!!
You hit the ogre.
The ogre is moderately wounded.
You bite the ogre!
The ogre looks as sick as possible!
The ogre is severely wounded.
The ogre hits you with a +0 giant spiked club!!
* * * LOW HITPOINT WARNING * * *
The ogre attacks as you move away! The ogre completely misses you.
You kill the ogre!
Your transformation is almost over.
An orc priest comes into view. It is wielding a +0 club.
Your magical contamination has completely faded away.
An orc comes into view. It is wielding a +0 short sword.
The orc priest shouts!
The orc shouts!
You hear a shout!
The orc priest mumbles some strange prayers to Beogh against you.
Beogh smites you!
You die...

####).# ##.....#
########..###.#
####........####.######.
........##### #.........
........# #...######
........# #...#
........# #...#
........# #.s.#
........# #...#
........# ##.##
....##### #.. ##..# #o.
#...# ..o. ..#.# .♣..
.(..# ♣ ... .####


You could see an orc priest and an orc.

Vanquished Creatures
  Sigmund (D:2)
  2 ogres (D:5)
  A necrophage (D:4)
  A jelly (D:5)
  Crazy Yiuf (D:2)
  An orc priest (D:4)
  2 iguanas
  3 orc wizards (D:4)
  A hound skeleton (D:4)
  Robin (D:2)
  A river rat (D:4)
  6 adders
  3 worms
  3 dart slugs
  8 orcs
  8 bats
  9 endoplasms
  4 giant cockroaches
  15 goblins
  10 hobgoblins
  3 jackals (D:2)
  23 kobolds
  5 quokkas
  11 ball pythons
  4 frilled lizards
  10 rats
137 creatures vanquished.

Vanquished Creatures (others)
  A fungus (D:2)
1 creature vanquished.

Grand Total: 138 creatures vanquished

Notes
Turn   | Place    | Note
-------+----------+-------------------------------------------
     0 | D:1      | Leeroy the Draconian Transmuter began the quest for the
                  | Orb.
     0 | D:1      | Reached XP level 1. HP: 16/16 MP: 3/3
   159 | D:1      | Reached XP level 2. HP: 23/23 MP: 5/5
   213 | D:1      | Found a faded altar of an unknown god.
   355 | D:1      | Reached skill level 4 in Unarmed Combat
   426 | D:1      | Reached XP level 3. HP: 21/28 MP: 6/6
   430 | D:1      | Learned a level 3 spell: Spider Form
   902 | D:2      | Noticed Sigmund
   913 | D:2      | Killed Sigmund
   914 | D:2      | Reached skill level 6 in Unarmed Combat
   914 | D:2      | Reached XP level 4. HP: 11/35 MP: 0/7
   914 | D:2      | Reached XP level 5. HP: 12/40 MP: 0/8
  1485 | D:2      | Found a runed translucent door.
  1486 | D:2      | Noticed Crazy Yiuf
  1891 | D:2      | Killed Crazy Yiuf
  1992 | D:3      | Noticed Robin
  1999 | D:2      | Reached XP level 6. HP: 39/47 MP: 5/9
  1999 | D:2      | Killed Robin
  2277 | D:2      | Learned a level 2 spell: Wereblood
  2452 | D:3      | Found Wattyt's Distillery.
  2465 | D:3      | Found Taudoqau's Jewellery Shoppe.
  2492 | D:3      | Found Abopp's Assorted Antiques.
  2496 | D:3      | Found Buec's Distillery.
  2735 | D:3      | Found Luisov's Distillery.
  2899 | D:4      | Found a burning altar of Makhleb.
  2926 | D:4      | Reached skill level 7 in Unarmed Combat
  2979 | D:4      | Found Cajesmap's Commerce Corner.
  3017 | D:4      | Found a glowing drain.
  3042 | Sewer    | Entered a sewer
  3525 | D:4      | Your scales start taking on an icy white colour.
  3525 | D:4      | Reached XP level 7. HP: 44/51 MP: 3/10
  3525 | D:4      | Gained mutation: Your flesh is cold resistant. (rC+) [White
                  | Draconian growth]
  4546 | D:5      | Entered Level 5 of the Dungeon
  4686 | D:5      | Reached skill level 8 in Unarmed Combat
  5019 | D:5      | Killed from afar by an orc priest

Illustrated notes

Levels and vault maps discovered:
D:1:      dpeg_arrival_pond, layout_basic, ebering_ecumenical_altar_webs
D:2:      layout_rooms, uniq_crazy_yiuf_cottage, uniq_sigmund
D:3:      layout_rooms, serial_shops, nicolae_shop_statue_plus,
          nicolae_diamond_shop, nicolae_shop_stone, shop_fountains, shop,
          uniq_robin
D:4:      layout_basic, makhleb_blood_cavern_becter, gup_sewer_entry_bowl,
          nicolae_alphabet_shops
D:5:      layout_basic, kennysheep_decorative_pillar, minmay_misc_feat_alley

Skill      XL: |  1  2  3  4  5  6  7 |
---------------+----------------------+-----
Unarmed Combat | 4 6 7 8 |  8.3
Transmutations | 3 4 |  4.3
Fighting       | |  1.1
Dodging        | |  1.7
Spellcasting   | |  2.1
Poison Magic   | |  0.2

Action                   |  1- 3 |  4- 6 |  7- 9 || total
-------------------------+-------+-------+-------++-------
Melee: Unarmed           |   115 |   248 |    46 ||   409
       Tailslap          |     9 |    18 |     2 ||    29
       Punch             |     1 |     6 |     1 ||     8
       Kick              |       |     7 |       ||     7
       Rapier            |       |     6 |       ||     6
       Headbutt          |       |     6 |       ||     6
 Cast: Beastly Appendage |       |     8 |       ||     8
       Spider Form       |       |     8 |     5 ||    13
       Wereblood         |       |     8 |       ||     8
  Use: Potion            |     1 |       |       ||     1
       Scroll            |       |     4 |       ||     4
 Stab: Sleeping          |     2 |     1 |       ||     3
Armor: Skin              |    41 |    90 |     5 ||   136
Dodge: Dodged            |    77 |   213 |    23 ||   313

Table legend: (Time is in decaauts)
 A = Elapsed time spent in this place.
 B = Non-inter-level travel time spent in this place.
 C = Inter-level travel time spent in this place.
 D = Time resting spent in this place.
 E = Time spent auto-exploring this place.
 F = Levels seen in this place.
 G = Mean time per level.
                   A        B        C        D        E       F      G
               +--------+--------+--------+--------+--------+-----+--------+
         Total |   5009 |   4707 |    302 |    694 |   3068 |   6 |  834.8 |
       Dungeon |   4592 |   4290 |    302 |    588 |   2920 |   5 |  918.4 |
         Sewer |    416 |    416 |      0 |    106 |    148 |   1 |  416.0 |
               +--------+--------+--------+--------+--------+-----+--------+

Top non-repeatable levels by time:
     D:4: 1276 daAuts
     D:2: 1219 daAuts
     D:1: 1039 daAuts
     D:3: 589 daAuts
     D:5: 468 daAuts
   Sewer: 416 daAuts
